[Event "Late-Titled-Tuesday-Blitz-September-19-2023"]
[Site "Chess.com"]
[Date "2023.09.19"]
[Round "6"]
[White "Zhigalko_Sergei"]
[Black "simplerXiao"]
[Result "1-0"]
[WhiteElo "2839"]
[BlackElo "2583"]
[TimeControl "180+1"]
[EndTime "15:01:39 PDT"]
[Termination "Zhigalko_Sergei won by resignation"]

1. e4 c5 2. Nf3 e6 3. c3 d5 4. e5 d4 5. Bd3 Nc6 6. O-O Nge7 7. Re1 Ng6 8. g3 Be7 9. h4 Qc7 10. Qe2 Bd7 11. h5 Nf8 12. Na3 O-O-O 13. Nb5 Qb6 14. a4 a6 15. Na3 Kb8 16. Nc4 Qc7 17.
Be4 f6 18. exf6 gxf6 19. d3 f5 20. Bxc6 Bxc6 21. Bf4 Bd6 22. Nxd6 Rxd6 23. Qe5 Bxf3 24. Qxh8 Qd8 25. Qe5 Kc7 26. Qxc5+ Bc6 27. Qxd4 e5 28. Qxe5 Bd5 29. Qxd5 1-0

[Event "Late-Titled-Tuesday-Blitz-September-19-2023"]
[Site "Chess.com"]
[Date "2023.09.19"]
[Round "6"]
[White "Harald_Schmidt"]
[Black "ukchessbomber"]
[Result "0-1"]
[WhiteElo "2334"]
[BlackElo "2700"]
[TimeControl "180+1"]
[EndTime "15:01:58 PDT"]
[Termination "ukchessbomber won by resignation"]

1. e4 b6 2. d4 Bb7 3. Nc3 e6 4. Nf3 Nf6 5. Bd3 d6 6. O-O Nbd7 7. Re1 Be7 8. Qe2 O-O 9. Bg5 c5 10. dxc5 bxc5 11. Rad1 Qb6 12. b3 Rfe8 13. e5 Bxf3 14. Qxf3 Nxe5 15. Rxe5 dxe5 16. Qh3 g6 17. Qh4 Qb4 18.
Ne4 Nxe4 19. Bxe7 Nc3 20. Re1 Rxe7 0-1

[Event "Late-Titled-Tuesday-Blitz-September-19-2023"]
[Site "Chess.com"]
[Date "2023.09.19"]
[Round "6"]
[White "szachmistrz2500"]
[Black "traack"]
[Result "1/2-1/2"]
[WhiteElo "2499"]
[BlackElo "2369"]
[TimeControl "180+1"]
[EndTime "15:02:07 PDT"]
[Termination "Game drawn by agreement"]

1. Nf3 Nf6 2. g3 g6 3. Bg2 Bg7 4. O-O O-O 5. d3 c5 6. e4 Nc6 7. c3 d5 8. Nbd2 Bg4 9. h3 Bxf3 10. Qxf3 e6 11. Qe2 Qe7 12. Re1 Rfd8 13. Nf3 dxe4 14.
dxe4 Nd7 15. Bg5 f6 16. Be3 Nde5 17. Nxe5 Nxe5 18. Rad1 b6 19. f4 Nf7 20. e5 Rxd1 21. Rxd1 Rd8 22. exf6 Bxf6 23. Bf2 Rxd1+ 24. Qxd1 e5 25.
Bd5 exf4 26. gxf4 Kg7 27. Qf3 Nd6 28. Qe3 Nf5 29. Qxe7+ Bxe7 30. Kg2 Bd6 31. Kf3 Kf6 32. Be4 Bc7 33. a4 a5 34. Bd3 Bd6 1/2-1/2

[Event "Late-Titled-Tuesday-Blitz-September-19-2023"]
[Site "Chess.com"]
[Date "2023.09.19"]
[Round "6"]
[White "Abund"]
[Black "kaanadayhamle"]
[Result "1-0"]
[WhiteElo "2774"]
[BlackElo "2463"]
[TimeControl "180+1"]
[EndTime "15:02:09 PDT"]
[Termination "Abund won by resignation"]

1. e4 c6 2. d4 d5 3. exd5 cxd5 4. Bd3 Nc6 5. c3 Nf6 6. h3 g6 7. Nf3 Bg7 8. O-O O-O 9. Re1 Bf5 10. Bf1 Ne4 11.
Nbd2 Nxd2 12. Bxd2 Qb6 13. Qb3 Rfd8 14. Qxb6 axb6 15. Bf4 Rdc8 16. a3 Bf6 17. Bb5 Na5 18.
Nd2 h5 19. Re3 Kh7 20. Rae1 Be6 21. Kh2 g5 22. Be5 Kg6 23. Bxf6 exf6 24. h4 g4 25. Kg3 Nc6 26. Nf1 Ne7 27. Kh2 Kg7 28. Ng3 Kh6 29. Bd3 f5 30. Rxe6+ fxe6 31. Rxe6+ Ng6 32.
Nxf5+ Kh7 33. Ne7 Re8 34. Bxg6+ Kg7 35. Nf5+ 1-0

[Event "Late-Titled-Tuesday-Blitz-September-19-2023"]
[Site "Chess.com"]
[Date "2023.09.19"]
[Round "6"]
[White "tteshan"]
[Black "GlavkonVVS"]
[Result "0-1"]
[WhiteElo "2506"]
[BlackElo "2607"]
[TimeControl "180+1"]
[EndTime "15:02:13 PDT"]
[Termination "GlavkonVVS won by resignation"]

1. e4 Nf6 2. e5 Nd5 3. c4 Nb6 4. d4 d6 5. exd6 cxd6 6. Nf3 Bg4 7. h3 Bxf3 8. Qxf3 Nc6 9. Be3 g6 10. Nc3 Bg7 11. Qd1 O-O 12. Be2 e5 13. d5 Nd4 14.
Bxd4 exd4 15. Nb5 a6 16. Nxd4 Re8 17. Qd3 Qf6 18. Nc2 Qxb2 19. O-O Na4 20. Rab1 Qxa2 21. Rxb7 Nc5 0-1

[Event "Late-Titled-Tuesday-Blitz-September-19-2023"]
[Site "Chess.com"]
[Date "2023.09.19"]
[Round "6"]
[White "Sjakkerntobi"]
[Black "queen_iryna"]
[Result "1-0"]
[WhiteElo "2518"]
[BlackElo "2374"]
[TimeControl "180+1"]
[EndTime "15:02:15 PDT"]
[Termination "Sjakkerntobi won by checkmate"]

1. f4 d6 2. Nf3 g6 3. g3 Bg7 4.
Bg2 c5 5. O-O Nc6 6. Nc3 Nf6 7.
d3 O-O 8. e4 Rb8 9. h3 b5 10. g4 b4 11. Ne2 a5 12. Qe1 Ba6 13. Qg3 c4 14. Ne1 Nd7 15. h4 cxd3 16. cxd3 Nd4 17. Nxd4 Bxd4+ 18. Kh1 Nc5 19. h5 Kg7 20. Nf3 e5 21. Nxd4 exd4 22. f5 Bxd3 23. hxg6 hxg6 24. Bh6+ Kxh6 25. f6 Rh8 26. Qh4# 1-0

[Event "Late-Titled-Tuesday-Blitz-September-19-2023"]
[Site "Chess.com"]
[Date "2023.09.19"]
[Round "6"]
[White "MikaelyanArman"]
[Black "HamedWafa4"]
[Result "1-0"]
[WhiteElo "2877"]
[BlackElo "2652"]
[TimeControl "180+1"]
[EndTime "15:02:17 PDT"]
[Termination "MikaelyanArman won by resignation"]

1. e4 e5 2. Nf3 Nc6 3. Bb5 a6 4. Ba4 Nf6 5. O-O b5 6. Bb3 Be7 7. d3 d6 8. a3 O-O 9. Nc3 Be6 10.
Bxe6 fxe6 11. a4 b4 12. Ne2 Nh5 13. Ng3 Nf4 14. d4 Bf6 15. Bxf4 exf4 16. Ne2 g5 17. d5 Ne5 18. Nfd4 exd5 19. Ne6 Qe7 20. Nxf8 Rxf8 21. Qxd5+ Kh8 22. f3 Nd7 23. c3 Nb6 24. Qd3 b3 25. Nd4 c5 26. Nf5 c4 27. Qxd6 Qxd6 28.
Nxd6 Rd8 29. Rfd1 Kg8 30. a5 Na8 31. Nxc4 1-0

[Event "Late-Titled-Tuesday-Blitz-September-19-2023"]
[Site "Chess.com"]
[Date "2023.09.19"]
[Round "6"]
[White "Beca95"]
[Black "GoltsevDmitry2000"]
[Result "1-0"]
[WhiteElo "2859"]
[BlackElo "2654"]
[TimeControl "180+1"]
[EndTime "15:02:21 PDT"]
[Termination "Beca95 won by resignation"]

1. c4 Nf6 2. Nc3 c5 3. Nf3 Nc6 4. d4 cxd4 5. Nxd4 g6 6. e4 d6 7. Be3 Bg7 8. Be2 O-O 9. O-O a6 10. h3 Nd7 11. Qd2 Qa5 12. Rad1 Nxd4 13. Bxd4 Bxd4 14.
Qxd4 Nf6 15. f4 Be6 16. f5 gxf5 17. exf5 Bd7 18. g4 Rfc8 19. g5 Ne8 20. Nd5 Qd8 21. f6 e5 22. Qh4 e4 23. Ne7+ Kh8 24. Rf4 Qb6+ 25. Kf1 1-0

[Event "Late-Titled-Tuesday-Blitz-September-19-2023"]
[Site "Chess.com"]
[Date "2023.09.19"]
[Round "6"]
[White "Nathan_Filgueiras"]
[Black "djano"]
[Result "0-1"]
[WhiteElo "2509"]
[BlackElo "2628"]
[TimeControl "180+1"]
[EndTime "15:02:21 PDT"]
[Termination "djano won by resignation"]

1. e4 c5 2. Nf3 Nc6 3. d4 cxd4 4.
Nxd4 g6 5. c4 e5 6. Nb5 d6 7.
N5c3 Nf6 8. Be2 Bg7 9. Bg5 h6 10. Bxf6 Bxf6 11. O-O O-O 12. Nd5 Bg7 13. Nbc3 Nd4 14.
Qd2 Be6 15. Rad1 Rc8 16. b3 a6 17. Ne3 b5 18. cxb5 Rxc3 19. bxa6 Qb6 20. Rfe1 Nxe2+ 21. Qxe2 Ra8 22. Qd2 Rc6 23. Kh1 Qxa6 24. Ra1 Bxb3 0-1

[Event "Late-Titled-Tuesday-Blitz-September-19-2023"]
[Site "Chess.com"]
[Date "2023.09.19"]
[Round "6"]
[White "rikchessmx"]
[Black "KVAIDAN"]
[Result "1-0"]
[WhiteElo "2341"]
[BlackElo "2248"]
[TimeControl "180+1"]
[EndTime "15:02:25 PDT"]
[Termination "rikchessmx won by resignation"]

1. e4 e5 2. Nf3 d5 3. Nc3 dxe4 4. Nxe4 f5 5. Ng3 e4 6. Qe2 Nf6 7. d3 Bb4+ 8. c3 O-O 9. dxe4 fxe4 10. Ng5 Bd6 11.
Qc4+ Kh8 12. Nf7+ Rxf7 13. Qxf7 Nc6 14. Bg5 Be5 15. Nxe4 Bf5 16. Nxf6 gxf6 17. Be3 Qd6 18. Be2 Rf8 19. Qh5 Bg6 20. Qh3 f5 21. Rd1 Qf6 22. f4 Bd6 23. O-O Re8 24. Bb5 Bf8 25. Bxc6 Qxc6 26. Bd4+ Kg8 27. Qf3 Re4 28. Rde1 b6 29. Rxe4 fxe4 30. Qg4 Qd5 31. f5 Qd7 32. Qxe4 Bf7 33.
Qe5 Qxd4+ 34. cxd4 Bd6 35. Qf6 Bc4 36. b3 1-0

[Event "Late-Titled-Tuesday-Blitz-September-19-2023"]
[Site "Chess.com"]
[Date "2023.09.19"]
[Round "6"]
[White "maurovargas01"]
[Black "tomobeast"]
[Result "1-0"]
[WhiteElo "1883"]
[BlackElo "2215"]
[TimeControl "180+1"]
[EndTime "15:02:26 PDT"]
[Termination "maurovargas01 won by resignation"]

1. e4 c5 2. Nc3 a6 3. f4 b5 4.
Nf3 Bb7 5. Nd5 e6 6. Ne3 Bxe4 7. d3 Bb7 8. Ne5 Nf6 9. g4 d6 10.
Nf3 Be7 11. g5 Nd5 12. Ng4 Nc6 13. Bg2 Rc8 14. Bd2 Nd4 15. O-O Nxf3+ 16. Bxf3 e5 17. c4 exf4 18. Bxd5 Bxd5 19. cxd5 Bxg5 20. Re1+ Kf8 21.
Qf3 f5 22. Nf2 Kf7 23. Bxf4 Bxf4 24. Qxf4 g6 25. Ne4 Re8 26. Nxd6+ Kg7 27. Nxe8+ Kf8 28. Qh6+ Kf7 29. Qxh7+ 1-0

[Event "Late-Titled-Tuesday-Blitz-September-19-2023"]
[Site "Chess.com"]
[Date "2023.09.19"]
[Round "6"]
[White "GMJustin"]
[Black "valemava"]
[Result "0-1"]
[WhiteElo "2235"]
[BlackElo "2285"]
[TimeControl "180+1"]
[EndTime "15:02:30 PDT"]
[Termination "valemava won on time"]

1. e4 c5 2. Nf3 Qa5 3. Nc3 a6 4.
d4 b5 5. dxc5 e6 6. Be3 b4 7.
Nb1 Bxc5 8. Bxc5 Qxc5 9. Nbd2 Bb7 10. Bd3 Nf6 11. O-O d6 12. a3 bxa3 13. Rxa3 O-O 14. Qe2 Nbd7 15. Nb3 Qc7 16. Na5 Bc8 17. Rfa1 Nc5 18. Rc3 Qb6 19. Nc4 Qb8 20. Nd4 Bd7 21. e5 dxe5 22. Qxe5 Nxd3 23. Rxd3 Bb5 24. Nxb5 axb5 0-1

[Event "Late-Titled-Tuesday-Blitz-September-19-2023"]
[Site "Chess.com"]
[Date "2023.09.19"]
[Round "6"]
[White "Defenstrator"]
[Black "JG-17"]
[Result "0-1"]
[WhiteElo "2339"]
[BlackElo "2503"]
[TimeControl "180+1"]
[EndTime "15:02:32 PDT"]
[Termination "JG-17 won by checkmate"]

1. g4 d5 2. f3 e5 3. h4 Be7 4. g5 h6 5. d4 hxg5 6. dxe5 gxh4 7. Bh3 Nc6 8. f4 d4 9. Nf3 Bxh3 10. Rxh3 Qd7 11. Rh1 h3 12. c3 O-O-O 13. cxd4 Nxd4 14. Qxd4 Bh4+ 15. Kf1 Qg4 16. Rg1 Rxd4 17. Nxd4 Qd7 18. Be3 h2 19. Rh1 Qh3# 0-1

[Event "Late-Titled-Tuesday-Blitz-September-19-2023"]
[Site "Chess.com"]
[Date "2023.09.19"]
[Round "6"]
[White "Mariia89"]
[Black "AlexandraBotez"]
[Result "0-1"]
[WhiteElo "2035"]
[BlackElo "2304"]
[TimeControl "180+1"]
[EndTime "15:02:36 PDT"]
[Termination "AlexandraBotez won by resignation"]

1. d4 c5 2. d5 d6 3. Nc3 Nf6 4.
e4 g6 5. Bc4 Bg7 6. Nf3 Na6 7.
O-O O-O 8. Re1 e5 9. dxe6 Bxe6 10. Nd2 Nc7 11. Bxe6 fxe6 12. Nc4 d5 13. exd5 exd5 14.
Ne5 d4 15. Na4 Qd6 16. Bf4 Nh5 17. Nxg6 Nxf4 18. Nxf8 Rxf8 19. Qg4 b5 20. g3 Ng6 21. Nxc5 Qxc5 22. h4 Ne5 23. Qe4 Nf3+ 24. Kg2 Nxe1+ 25.
Rxe1 Qd5 0-1

[Event "Late-Titled-Tuesday-Blitz-September-19-2023"]
[Site "Chess.com"]
[Date "2023.09.19"]
[Round "6"]
[White "Laico"]
[Black "TanitoluwaAps116"]
[Result "1-0"]
[WhiteElo "2401"]
[BlackElo "2643"]
[TimeControl "180+1"]
[EndTime "15:02:37 PDT"]
[Termination "Laico won on time"]

1. e4 c5 2. Nc3 Nc6 3. f4 g6 4. Nf3 Bg7 5. Bb5 Nd4 6. O-O Nxb5 7. Nxb5 a6 8. Nc3 b5 9. d3 Bb7 10. Qe1 Nf6 11. Qh4 Qb6 12. Kh1 d5 13.
e5 d4 14. exf6 Bxf6 15. Qe1 dxc3 16. bxc3 O-O 17. Ne5 Rad8 18. Bb2 1-0

[Event "Late-Titled-Tuesday-Blitz-September-19-2023"]
[Site "Chess.com"]
[Date "2023.09.19"]
[Round "6"]
[White "Giorno"]
[Black "Heinza9"]
[Result "1-0"]
[WhiteElo "2473"]
[BlackElo "2305"]
[TimeControl "180+1"]
[EndTime "15:02:47 PDT"]
[Termination "Giorno won by resignation"]

1. Nf3 f5 2. d4 Nf6 3. Bf4 g6 4.
e3 Bg7 5. c4 O-O 6. Nc3 d6 7.
d5 e5 8. dxe6 Bxe6 9. Be2 h6 10.
h3 Nc6 11. O-O b6 12. Nd4 Nxd4 13. exd4 Ne4 14. Nxe4 fxe4 15. Qd2 g5 16. Be3 d5 17. b3 c6 18. Rad1 Qd7 19. f4 exf3 20. Bxf3 Rae8 21. Bh5 Rxf1+ 22. Rxf1 Rf8 23. Rxf8+ Bxf8 24. c5 bxc5 25. dxc5 Bg7 26. Bd4 Bxd4+ 27. Qxd4 Qg7 28. Qxg7+ Kxg7 29. Be8 Kf6 30. Bxc6 Ke5 31. Kf2 a5 32. Bb7 d4 33.
Ke2 h5 34. Kd2 g4 35. hxg4 hxg4 36. g3 Bf5 37. a3 Be6 38. b4 axb4 39. axb4 Bd5 40.
Bxd5 Kxd5 41. Kd3 1-0

[Event "Late-Titled-Tuesday-Blitz-September-19-2023"]
[Site "Chess.com"]
[Date "2023.09.19"]
[Round "6"]
[White "Hrant_ChessMood"]
[Black "SAInt_666"]
[Result "1-0"]
[WhiteElo "2908"]
[BlackElo "2664"]
[TimeControl "180+1"]
[EndTime "15:02:54 PDT"]
[Termination "Hrant_ChessMood won by resignation"]

1. d4 Nf6 2. c4 e6 3. g3 d5 4. Bg2 Bb4+ 5. Bd2 Be7 6. Nf3 O-O 7. O-O Nbd7 8. Qb3 c6 9. Rc1 a5 10. a4 Ne4 11. Be1 f5 12. Nbd2 g5 13. Qd1 Qe8 14. Nb3 Bd8 15. Ne5 Nxe5 16. dxe5 g4 17. Bd2 Qh5 18.
Bf4 Bg5 19. e3 Bxf4 20. exf4 Qg6 21. c5 Qg7 22. Nd4 h5 23. Qe1 Bd7 24. b4 axb4 25.
Qxb4 Bc8 26. a5 Qc7 27. Qb6 Qxb6 28. cxb6 Bd7 29. Nb3 Rfc8 30. Bxe4 fxe4 31. Nc5 Rd8 32. Nxb7 Rdb8 33. Nc5 Bc8 34. Rcb1 Kf7 35. a6 d4 36.
b7 1-0

[Event "Late-Titled-Tuesday-Blitz-September-19-2023"]
[Site "Chess.com"]
[Date "2023.09.19"]
[Round "6"]
[White "Mike24147"]
[Black "Tonychess32"]
[Result "0-1"]
[WhiteElo "2359"]
[BlackElo "2506"]
[TimeControl "180+1"]
[EndTime "15:02:55 PDT"]
[Termination "Tonychess32 won by resignation"]

1. e4 e6 2. d4 d5 3. Nc3 dxe4 4. Nxe4 Nd7 5. Nf3 Ngf6 6. Nxf6+ Nxf6 7. Bd3 Be7 8. O-O O-O 9. Qe2 b6 10. Bg5 Bb7 11. c3 h6 12. Bh4 c5 13. Rad1 cxd4 14. Nxd4 Qd5 15. f3 Rad8 16. Kh1 Qh5 17. Bg3 Bc5 18. Nb3 Be7 19. Rfe1 Rfe8 20. Qf2 Bd5 21. Re5 g5 22. Ree1 Bc6 23. Nd4 Bb7 24. Bc7 Rd7 25. Be5 Red8 26. Bb5 Rd5 27. c4 Rxe5 28. Rxe5 Bd6 29. g4 Nxg4 0-1

[Event "Late-Titled-Tuesday-Blitz-September-19-2023"]
[Site "Chess.com"]
[Date "2023.09.19"]
[Round "6"]
[White "farzadbfd"]
[Black "jefferyx"]
[Result "0-1"]
[WhiteElo "2691"]
[BlackElo "2996"]
[TimeControl "180+1"]
[EndTime "15:03:07 PDT"]
[Termination "jefferyx won on time"]

1. e4 e6 2. d4 d5 3. exd5 exd5 4. Nf3 Bd6 5. c4 Nf6 6. Bg5 h6 7. Bh4 O-O 8. Be2 dxc4 9. O-O Nc6 10. Nbd2 g5 11.
Bg3 Bxg3 12. hxg3 Nxd4 13. Bxc4 Bg4 14. Qa4 Nxf3+ 15. Nxf3 Bxf3 16. gxf3 c6 17. Qc2 Kg7 18. Kg2 Re8 19. a4 Qa5 20. Rh1 Rad8 21. Bxf7 Kxf7 22. Rxh6 Rg8 23. Rah1 Qd5 24. Qc3 Rd6 25. Qb4 b6 26.
Qc3 g4 0-1

[Event "Late-Titled-Tuesday-Blitz-September-19-2023"]
[Site "Chess.com"]
[Date "2023.09.19"]
[Round "6"]
[White "KorolDimitriy75"]
[Black "Journey_to_GrandMaster_YT"]
[Result "0-1"]
[WhiteElo "2381"]
[BlackElo "2657"]
[TimeControl "180+1"]
[EndTime "15:03:07 PDT"]
[Termination "Journey_to_GrandMaster_YT won by resignation"]

1. d4 d6 2. Nf3 Nf6 3. c4 Nbd7 4. Nc3 e5 5. e4 Be7 6. Be2 O-O 7. O-O c6 8. Re1 Re8 9. Rb1 a6 10. b4 b5 11. a4 bxc4 12. Bxc4 Bb7 13. Qb3 Rf8 14. Ba3 Rb8 15. Qa2 exd4 16. Nxd4 Ne5 17. Bf1 g6 18. h3 c5 19. Nc2 Bc8 20. bxc5 dxc5 21. Ne3 Be6 22. Qc2 Qa5 23. Ned5 Nxd5 24. Nxd5 Bxd5 25. exd5 Rxb1 26. Qxb1 Bd6 27. Qc2 Rc8 28. Bb2 Qxe1 29. f4 Nd7 0-1

[Event "Late-Titled-Tuesday-Blitz-September-19-2023"]
[Site "Chess.com"]
[Date "2023.09.19"]
[Round "6"]
[White "Quattroporte300"]
[Black "CFalcons8"]
[Result "1-0"]
[WhiteElo "2397"]
[BlackElo "2251"]
[TimeControl "180+1"]
[EndTime "15:03:09 PDT"]
[Termination "Quattroporte300 won on time"]

1. e4 e5 2. Nf3 Nc6 3. Bc4 Nf6 4. d3 h6 5. c3 Bc5 6. O-O d6 7.
Nbd2 O-O 8. h3 a6 9. Bb3 b5 10. Re1 Bb7 11. Nf1 Bb6 12. Ng3 Ne7 13. d4 Ng6 14. Nf5 Bc8 15. Nh2 Bb7 16. Qf3 c5 17. d5 c4 18. Bc2 Nh7 19. Qg3 Kh8 20.
h4 Qf6 21. Ng4 Qd8 22. h5 Ne7 23. Ngxh6 Nxf5 24. Nxf5 Qf6 25. Be3 Bxe3 26. Rxe3 Ng5 27. Nxd6 Qxd6 28. Qxg5 1-0

[Event "Late-Titled-Tuesday-Blitz-September-19-2023"]
[Site "Chess.com"]
[Date "2023.09.19"]
[Round "6"]
[White "Miguelitro69"]
[Black "WilsonPalencia21"]
[Result "0-1"]
[WhiteElo "2274"]
[BlackElo "2558"]
[TimeControl "180+1"]
[EndTime "15:03:10 PDT"]
[Termination "WilsonPalencia21 won by resignation"]

1. e4 c5 2. Nf3 d6 3. d4 cxd4 4. Nxd4 Nf6 5. Nc3 g6 6. Be3 Bg7 7. f3 O-O 8. Bc4 Nc6 9. Qd2 Ne5 10. Bb3 Bd7 11. O-O-O Rc8 12. Kb1 Re8 13. h4 h5 14.
Bg5 Rc5 15. g4 hxg4 16. h5 Nxh5 17. Bh6 Bf6 18. Nd5 e6 19. Nxf6+ Qxf6 20. Bg5 Nc4 21. Bxf6 Nxd2+ 22. Rxd2 Nxf6 23. Rdh2 Rh5 24. Rxh5 gxh5 25. fxg4 hxg4 26. Rg1 e5 27. Nf5 Bxf5 28. exf5 e4 29. Bc4 Re5 30. Be2 Rxf5 31. Kc1 Rg5 32. Kd2 d5 33.
Ke3 Kg7 34. Kf4 Kg6 35. Bxg4 Nxg4 36. c4 dxc4 37. Rxg4 Rxg4+ 38. Kxg4 f5+ 39. Kf4 Kf6 0-1

[Event "Late-Titled-Tuesday-Blitz-September-19-2023"]
[Site "Chess.com"]
[Date "2023.09.19"]
[Round "6"]
[White "zverr1"]
[Black "laskakid"]
[Result "1-0"]
[WhiteElo "2515"]
[BlackElo "2301"]
[TimeControl "180+1"]
[EndTime "15:03:14 PDT"]
[Termination "zverr1 won by resignation"]

1. d4 d5 2. c4 c6 3. Nf3 Nf6 4. e3 Bf5 5. Bd3 Bxd3 6. Qxd3 e6 7. O-O Be7 8. Nc3 O-O 9. e4 dxe4 10. Nxe4 c5 11. Be3 Nbd7 12. dxc5 Qc7 13. b4 Rfd8 14. Qc2 a5 15. a3 Nxe4 16. Qxe4 Bf6 17. Rab1 axb4 18. axb4 Ra4 19. Bf4 Qc8 20. h3 h6 21.
Bd6 Qa8 22. Ne5 Bxe5 23. Bxe5 f5 24. Qe2 Ra2 25. Rb2 Rxb2 26. Qxb2 Qa4 27. Bd6 Kf7 28. Ra1 Qc6 29. Re1 Nf6 30. Qe2 Ne4 31. f3 Nxd6 32.
Qxe6+ Kf8 33. Qe7+ Kg8 34. Qxd8+ Kh7 35. Qxd6 1-0

[Event "Late-Titled-Tuesday-Blitz-September-19-2023"]
[Site "Chess.com"]
[Date "2023.09.19"]
[Round "6"]
[White "KaydenTroffChess"]
[Black "HalfIsCrayfish"]
[Result "1-0"]
[WhiteElo "2779"]
[BlackElo "2559"]
[TimeControl "180+1"]
[EndTime "15:03:15 PDT"]
[Termination "KaydenTroffChess won by checkmate"]

1. d4 Nf6 2. Nf3 e6 3. Bf4 d5 4. e3 Bd6 5. Ne5 Nfd7 6. Qh5 Bxe5 7. dxe5 b6 8. Nd2 c6 9. Nf3 Ba6 10. Nd4 g6 11. Qh6 Bxf1 12. Qg7 Rf8 13. Kxf1 h5 14. h4 a6 15. Bg5 Qc7 16. Nxe6 fxe6 17. Qe7# 1-0

[Event "Late-Titled-Tuesday-Blitz-September-19-2023"]
[Site "Chess.com"]
[Date "2023.09.19"]
[Round "6"]
[White "floplover"]
[Black "dorpato"]
[Result "1-0"]
[WhiteElo "2298"]
[BlackElo "2009"]
[TimeControl "180+1"]
[EndTime "15:03:16 PDT"]
[Termination "floplover won by resignation"]

1. e4 c5 2. Nf3 d6 3. d4 cxd4 4. Nxd4 Nf6 5. Nc3 a6 6. Be2 e5 7. Nb3 Be7 8. O-O O-O 9. Qd3 Be6 10. Nd5 Bxd5 11. exd5 Nbd7 12. c4 Rc8 13. Be3 e4 14.
Qd2 Ne5 15. Rac1 Nfd7 16. Na5 b6 17. Nb3 f5 18. f4 Ng6 19. Nd4 Nc5 20. b4 Bf6 21.
bxc5 Bxd4 22. Bxd4 bxc5 23. Be3 Rb8 24. Rb1 Qd7 25.
Qa5 Qa7 26. Rb5 Qa8 27. Rb3 Rb7 28. Rfb1 Rfb8 29. g4 fxg4 30. Bxg4 Rxb3 31. Rxb3 Rxb3 32. Be6+ Kh8 33. axb3 Nf8 34. Qc7 Nxe6 35. dxe6 Qe8 36. Qf7 Qxf7 37. exf7 1-0

[Event "Late-Titled-Tuesday-Blitz-September-19-2023"]
[Site "Chess.com"]
[Date "2023.09.19"]
[Round "6"]
[White "MajorCoast"]
[Black "JackRodgers"]
[Result "0-1"]
[WhiteElo "2295"]
[BlackElo "2511"]
[TimeControl "180+1"]
[EndTime "15:03:17 PDT"]
[Termination "JackRodgers won by checkmate"]

1. c3 c5 2. d4 e6 3. Nf3 b6 4. Bf4 Bb7 5. Nbd2 Nf6 6. e3 d5 7. Bd3 Bd6 8. Bg3 Nc6 9. Ne5 Rc8 10. f4 g6 11. Bh4 Be7 12. Ndf3 Nxe5 13. fxe5 Ne4 14. Bxe7 Qxe7 15. Bxe4 dxe4 16. Nd2 Qg5 17. Qe2 O-O 18. O-O cxd4 19. cxd4 Rc2 20. Rfc1 Rfc8 21. Rxc2 Rxc2 22. Rf1 Rxb2 23. Qf2 Qe7 24. Qe1 Ba6 25. Rf2 Bd3 26. Nxe4 Rb1 27. Nf6+ Qxf6 28. Qxb1 Qxf2+ 29. Kxf2 Bxb1 30. a3 Be4 31. g3 g5 32. Ke1 Kf8 33.
Kd2 Ke7 34. Kc3 Kd7 35. Kb4 Kc6 36. a4 a5+ 37. Kc3 b5 38. axb5+ Kxb5 39. Kb2 Kc4 40.
h4 gxh4 41. gxh4 Kd3 42. Ka3 Kxe3 43. d5 Bxd5 44. h5 Kd4 45. h6 Kxe5 46. Ka4 Kd4 47.
Kb5 e5 48. Ka6 e4 49. Ka7 e3 50. Kb8 e2 51. Ka7 e1=Q 52. Kb8 Qb1+ 53. Ka7 Qb7# 0-1

[Event "Late-Titled-Tuesday-Blitz-September-19-2023"]
[Site "Chess.com"]
[Date "2023.09.19"]
[Round "6"]
[White "Maksimus1998"]
[Black "PapaieDudu"]
[Result "0-1"]
[WhiteElo "2564"]
[BlackElo "2389"]
[TimeControl "180+1"]
[EndTime "15:03:19 PDT"]
[Termination "PapaieDudu won by resignation"]

1. b3 d5 2. Bb2 Nf6 3. Nf3 c5 4. g3 Nc6 5. Bg2 Bf5 6. Ne5 Rc8 7.
O-O e6 8. e3 d4 9. Nxc6 bxc6 10. Na3 Be7 11. Nc4 Be4 12. d3 Bxg2 13. Kxg2 h5 14. e4 h4 15. Bc1 h3+ 16. Kg1 Nd7 17.
f4 Bf6 18. e5 Be7 19. a4 Nb6 20. Qg4 g6 21. Nxb6 axb6 22. Bd2 Ra8 23. Rfb1 Kf8 24.
b4 cxb4 25. Bxb4 c5 26. Bd2 Kg7 27. Qe2 Ra6 28. Qe4 Qd7 29. a5 b5 30. Rf1 c4 31.
Rfb1 c3 32. Be1 b4 33. Bf2 Bc5 34. Qf3 Rha8 35. Qg4 Rxa5 36. Rxa5 Rxa5 37. Qxh3 Ra2 38. Rc1 b3 39. cxb3 Ba3 40. Qf1 Bxc1 41. Qxc1 Qa7 42. Kg2 Qb7+ 43. Kg1 Qa7 44. Kg2 Qa8+ 45. Kg1 Ra1 0-1

[Event "Late-Titled-Tuesday-Blitz-September-19-2023"]
[Site "Chess.com"]
[Date "2023.09.19"]
[Round "6"]
[White "Lennis93"]
[Black "YEIKO2017"]
[Result "1-0"]
[WhiteElo "2743"]
[BlackElo "2475"]
[TimeControl "180+1"]
[EndTime "15:03:25 PDT"]
[Termination "Lennis93 won by resignation"]

1. b3 Nf6 2. Bb2 g6 3. Bxf6 exf6 4. c4 d5 5. cxd5 Qxd5 6. Nc3 Qa5 7. g3 f5 8. Bg2 c6 9. e3 Bg7 10. Nge2 O-O 11.
O-O Nd7 12. d4 Nf6 13. Qc2 Be6 14. a3 Nd5 15. b4 Qd8 16. Rfd1 a5 17. Nxd5 Bxd5 18.
Bxd5 Qxd5 19. Nf4 Qe4 20. Qxe4 fxe4 21. b5 c5 22. Rac1 cxd4 23. exd4 Rac8 24. Rc5 Rxc5 25.
dxc5 Rc8 26. c6 bxc6 27. Rc1 c5 28. Nd5 Kf8 29. a4 c4 30. Nb6 Rc5 31. Rxc4 Rxc4 32. Nxc4 Bc3 33. b6 1-0

[Event "Late-Titled-Tuesday-Blitz-September-19-2023"]
[Site "Chess.com"]
[Date "2023.09.19"]
[Round "6"]
[White "Der_Honigdachs"]
[Black "lamomiajunior"]
[Result "0-1"]
[WhiteElo "2516"]
[BlackElo "2654"]
[TimeControl "180+1"]
[EndTime "15:03:26 PDT"]
[Termination "lamomiajunior won by resignation"]

1. e4 c6 2. Nf3 d5 3. Nc3 Bg4 4.
h3 Bxf3 5. Qxf3 e6 6. d3 Nd7 7. g3 Bb4 8. Bd2 Qb6 9. O-O-O d4 10. Nb1 a5 11. a3 Bd6 12. c4 Qc7 13. Bg2 Ne7 14.
Qg4 b5 15. f4 bxc4 16. dxc4 Rb8 17. Be1 Qb7 18. Qe2 e5 19. Bxa5 Nc5 20. Bb4 Nb3+ 21. Kc2 Bxb4 22. axb4 Qxb4 23. Na3 Nc5 24. Rd3 Qxb2+ 0-1

[Event "Late-Titled-Tuesday-Blitz-September-19-2023"]
[Site "Chess.com"]
[Date "2023.09.19"]
[Round "6"]
[White "Cambek64"]
[Black "Dubs123"]
[Result "1/2-1/2"]
[WhiteElo "2466"]
[BlackElo "2318"]
[TimeControl "180+1"]
[EndTime "15:03:28 PDT"]
[Termination "Game drawn by repetition"]

1. b3 d5 2. Bb2 Nf6 3. Bxf6 gxf6 4. d4 c6 5. e3 e5 6. g3 Bd6 7. Bg2 Be6 8. Ne2 Nd7 9. Nd2 Qe7 10. O-O h5 11. h4 e4 12. c4 O-O-O 13. c5 Bc7 14. b4 Rdg8 15. a4 Bg4 16. b5 Qe6 17. Rb1 Bh3 18. bxc6 bxc6 19. Nf4 Bxf4 20. exf4 Bxg2 21. Kxg2 Rg4 22. Re1 Rhg8 23. Qb3 Rxh4 24. Qb7+ Kd8 25. Rh1 Rxh1 26. Rxh1 Ke7 27. Nf1 Qg4 28. Qxc6 Qf3+ 29.
Kg1 e3 30. Qd6+ Ke8 31. Nxe3 Rxg3+ 32. fxg3 Qxe3+ 33. Kg2 Qe2+ 34. Kh3 Qg4+ 35. Kg2 Qe2+ 36. Kh3 Qg4+ 37. Kh2 Qe2+ 38. Kg1 Qe1+ 39. Kg2 Qe2+ 1/2-1/2